TOP OF THE 1ST |
San Antonio Missions batting - Pitching for Jacksonville Suns : LHP Gavrilo Brkic
|
Pitching: LHP Gavrilo Brkic
|
|
Batting: RHB Mario Mejia
|
0-0: Ball 1-0: Ball 2-0: Ball 3-0: Called Strike 3-1: Base on Balls
|
Batting: RHB John Shaffer
|
0-0: Ball 1-0: Ball 2-0: Ball 3-0: Called Strike 3-1: Reached on error, E6 (Groundball, 6, EV 100.6 MPH) Mario Mejia to second
|
Batting: RHB Scott Schwartz
|
0-0: Ball 1-0: Foul Ball, location: 2F 1-1: Fly out, F4 (Popup, 4D, EV 53.1 MPH)
|
Batting: RHB Luwen Storm
|
0-0: Ball 1-0: Ball 2-0: Grounds into double play, 6-4-3 (Groundball, 6, EV 105.0 MPH)
|
Top of the 1st over - 0 runs, 0 hits, 1 error, 1 left on base; San Antonio 0 - Jacksonville 0 |
BOTTOM OF THE 1ST |
Jacksonville Suns batting - Pitching for San Antonio Missions : RHP Sean Rice
|
Pitching: RHP Sean Rice
|
|
Batting: LHB Juan Solorzano
|
0-0: Swinging Strike 0-1: Ball 1-1: DOUBLE (Flyball, 78XD, EV 106.2 MPH)
|
Batting: RHB Chris Lee
|
0-0: Called Strike Juan Solorzano steals 3rd base 0-1: Ball 1-1: Called Strike 1-2: Foul Ball, location: 2F 1-2: Ball 2-2: Foul Ball, location: 2F 2-2: Foul Ball, location: 2F 2-2: Foul Ball, location: 2F 2-2: SINGLE (Groundball, 56, EV 83.8 MPH) (infield hit) Juan Solorzano scores
|
Pitching: RHP Travis White
|
|
Batting: RHB Shelby Peddle
|
0-0: Called Strike 0-1: Foul Ball, location: 2F 0-2: Strikes out looking
|
Batting: RHB Tommy Hughes
|
0-0: Ball 1-0: Swinging Strike 1-1: Swinging Strike 1-2: Ball 2-2: Ball 3-2: Foul Ball, location: 2F 3-2: Foul Ball, location: 2F 3-2: Strikes out swinging
|
Batting: LHB Jeff Tavella
|
0-0: Called Strike 0-1: Ground out 4-3 (Groundball, 34D, EV 106.9 MPH)
|
Bottom of the 1st over - 1 run, 2 hits, 0 errors, 1 left on base; San Antonio 0 - Jacksonville 1 |
TOP OF THE 2ND |
San Antonio Missions batting - Pitching for Jacksonville Suns : LHP Gavrilo Brkic
|
Batting: LHB Ben Antal
|
0-0: Called Strike 0-1: Swinging Strike 0-2: Foul Ball, location: 2F 0-2: Ball 1-2: Foul Ball, location: 2F 1-2: Foul Ball, location: 2F 1-2: SINGLE (Groundball, 4S, EV 95.6 MPH)
|
Batting: RHB Joe Weissman
|
0-0: Ball 1-0: Called Strike 1-1: DOUBLE (Flyball, 78D, EV 107.5 MPH) Ben Antal to third
|
Batting: LHB Javy Portela
|
0-0: Ball 1-0: Foul Ball, location: 2F 1-1: Foul Ball, location: 2F 1-2: Ball 2-2: Strikes out swinging
|
Batting: SHB Curtis Thompson
|
0-0: Called Strike 0-1: Fly out, F8 (Flyball, 8RD, EV 90.6 MPH) Runner from 3rd tags up, OUT at HOME! 8-2
|
Top of the 2nd over - 0 runs, 2 hits, 0 errors, 1 left on base; San Antonio 0 - Jacksonville 1 |
BOTTOM OF THE 2ND |
Jacksonville Suns batting - Pitching for San Antonio Missions : RHP Travis White
|
Batting: RHB Wei-guo Tsu
|
0-0: Ball 1-0: Ball 2-0: Called Strike 2-1: Ground out 6-3 (Groundball, 6, EV 91.2 MPH)
|
Batting: LHB Gustavo Patella
|
0-0: Ball 1-0: Ball 2-0: Swinging Strike 2-1: Swinging Strike 2-2: Ball 3-2: Foul Ball, location: 2F 3-2: Foul Ball, location: 2F 3-2: Foul Ball, location: 2F 3-2: Strikes out swinging
|
Batting: RHB Katsutaka Inouye
|
0-0: Ball 1-0: Swinging Strike 1-1: Foul Ball, location: 2F 1-2: Strikes out swinging
|
Bottom of the 2nd over - 0 runs, 0 hits, 0 errors, 0 left on base; San Antonio 0 - Jacksonville 1 |
TOP OF THE 3RD |
San Antonio Missions batting - Pitching for Jacksonville Suns : LHP Gavrilo Brkic
|
Batting: LHB Josh Slusarczyk
|
0-0: Called Strike 0-1: Swinging Strike 0-2: Ball 1-2: Ground out 6-3 (Groundball, 4MS, EV 85.6 MPH)
|
Batting: RHB Mario Mejia
|
0-0: Ball 1-0: Ground out 6-3 (Groundball, 6, EV 76.9 MPH)
|
Batting: RHB John Shaffer
|
0-0: Ball 1-0: Fly out, F7 (Line Drive, 8LM, EV 107.5 MPH)
|
Top of the 3rd over - 0 runs, 0 hits, 0 errors, 0 left on base; San Antonio 0 - Jacksonville 1 |
BOTTOM OF THE 3RD |
Jacksonville Suns batting - Pitching for San Antonio Missions : RHP Travis White
|
Batting: RHB Pi-ao Xú
|
0-0: Swinging Strike 0-1: Ball 1-1: Swinging Strike 1-2: Strikes out swinging
|
Batting: LHB Juan Solorzano
|
0-0: Ball 1-0: Called Strike 1-1: Ball 2-1: Ball 3-1: Base on Balls
|
Batting: RHB Chris Lee
|
0-0: Called Strike 0-1: Ball 1-1: Ball 2-1: Ball Juan Solorzano steals 2nd base 3-1: Called Strike 3-2: Ground out 6-3 (Groundball, 6, EV 85.0 MPH) Juan Solorzano to third
|
Batting: RHB Shelby Peddle
|
0-0: Called Strike 0-1: Ball 1-1: Swinging Strike 1-2: Strikes out swinging
|
Bottom of the 3rd over - 0 runs, 0 hits, 0 errors, 1 left on base; San Antonio 0 - Jacksonville 1 |
TOP OF THE 4TH |
San Antonio Missions batting - Pitching for Jacksonville Suns : LHP Gavrilo Brkic
|
Batting: RHB Scott Schwartz
|
0-0: Ball 1-0: Ball 2-0: Foul Ball, location: 2F 2-1: Fly out, F8 (Flyball, 8LM, EV 96.9 MPH)
|
Batting: RHB Luwen Storm
|
0-0: Ball 1-0: Ball 2-0: Ball 3-0: Called Strike 3-1: Reached on error, E6 (Groundball, 6S, EV 90.6 MPH)
|
Batting: LHB Ben Antal
|
0-0: Called Strike Luwen Storm steals 2nd base 0-1: Ball 1-1: Fly out, F8 (Line Drive, 8LM, EV 105.0 MPH)
|
Batting: RHB Joe Weissman
|
0-0: Ball 1-0: Ball 2-0: Ball 3-0: Called Strike 3-1: SINGLE (Groundball, 56, EV 98.8 MPH) Luwen Storm to third
|
Batting: LHB Javy Portela
|
0-0: Called Strike 0-1: Ball Wild Pitch! Luwen Storm scores Joe Weissman to second 1-1: Ball 2-1: Called Strike 2-2: Ground out 4-3 (Groundball, 4, EV 91.9 MPH)
|
Top of the 4th over - 1 run, 1 hit, 1 error, 1 left on base; San Antonio 1 - Jacksonville 1 |
BOTTOM OF THE 4TH |
Jacksonville Suns batting - Pitching for San Antonio Missions : RHP Travis White
|
Batting: RHB Tommy Hughes
|
0-0: Ball 1-0: Ground out U3 (Groundball, 34, EV 96.2 MPH)
|
Batting: LHB Jeff Tavella
|
0-0: Called Strike 0-1: Called Strike 0-2: Strikes out swinging
|
Batting: RHB Wei-guo Tsu
|
0-0: SINGLE (Groundball, 4S, EV 72.5 MPH) (infield hit)
|
Batting: LHB Gustavo Patella
|
0-0: Called Strike 0-1: Ball 1-1: Fielders Choice at 2nd, U4 (Groundball, 4M, EV 87.5 MPH)
|
Bottom of the 4th over - 0 runs, 1 hit, 0 errors, 1 left on base; San Antonio 1 - Jacksonville 1 |
TOP OF THE 5TH |
San Antonio Missions batting - Pitching for Jacksonville Suns : LHP Gavrilo Brkic
|
Pitching: RHP Reinaart Meyer
|
|
Batting: SHB Curtis Thompson
|
0-0: Called Strike 0-1: Swinging Strike 0-2: Fly out, F7 (Flyball, 7LS, EV 96.2 MPH)
|
Batting: LHB Josh Slusarczyk
|
0-0: Called Strike 0-1: Called Strike 0-2: Foul Ball, location: 2F 0-2: Ball 1-2: Fly out, F8 (Flyball, 8RD, EV 93.1 MPH)
|
Batting: RHB Mario Mejia
|
0-0: Ball 1-0: Ball 2-0: Called Strike 2-1: SINGLE (Groundball, 34D, EV 93.8 MPH)
|
Batting: RHB John Shaffer
|
0-0: Called Strike Mario Mejia steals 2nd base 0-1: Swinging Strike 0-2: Ball 1-2: Strikes out swinging
|
Top of the 5th over - 0 runs, 1 hit, 0 errors, 1 left on base; San Antonio 1 - Jacksonville 1 |
BOTTOM OF THE 5TH |
Jacksonville Suns batting - Pitching for San Antonio Missions : RHP Travis White
|
Batting: RHB Katsutaka Inouye
|
0-0: Ball 1-0: Foul Ball, location: 2F 1-1: Ball 2-1: Foul Ball, location: 2F 2-2: Fly out, F7 (Flyball, 7S, EV 86.9 MPH)
|
Batting: RHB Pi-ao Xú
|
0-0: Called Strike 0-1: SINGLE (Line Drive, 34D, EV 108.1 MPH)
|
Pitching: RHP Jim McCarty
|
|
Batting: LHB Juan Solorzano
|
0-0: Ball 1-0: Ball 2-0: Fielders Choice at 2nd, 5-4 (Groundball, 5, EV 93.8 MPH)
|
Batting: RHB Chris Lee
|
0-0: Ball Juan Solorzano steals 2nd base 1-0: Ball 2-0: Called Strike 2-1: Ball 3-1: Base on Balls
|
Batting: RHB Shelby Peddle
|
0-0: Ball 1-0: Ball 2-0: Ball 3-0: Called Strike 3-1: Ground out 4-3 (Groundball, 13, EV 84.4 MPH)
|
Bottom of the 5th over - 0 runs, 1 hit, 0 errors, 2 left on base; San Antonio 1 - Jacksonville 1 |
TOP OF THE 6TH |
San Antonio Missions batting - Pitching for Jacksonville Suns : RHP Reinaart Meyer
|
Batting: RHB Scott Schwartz
|
0-0: Called Strike 0-1: Ground out 4-3 (Groundball, 4, EV 85.0 MPH)
|
Batting: RHB Luwen Storm
|
0-0: Foul Ball, location: 2F 0-1: Called Strike 0-2: Ground out 1-3 (Groundball, 13S, EV 66.2 MPH)
|
Batting: LHB Ben Antal
|
0-0: Called Strike 0-1: Swinging Strike 0-2: Ball 1-2: SINGLE (Groundball, 4S, EV 63.1 MPH) (infield hit)
|
Batting: RHB Joe Weissman
|
0-0: Ball 1-0: Called Strike 1-1: Ball 2-1: Swinging Strike 2-2: SINGLE (Groundball, 4M, EV 104.4 MPH) Ben Antal to second
|
Batting: LHB Javy Portela
|
0-0: Ball 1-0: Ball 2-0: Foul Ball, location: 2F 2-1: Ball 3-1: Called Strike 3-2: Foul Ball, location: 2F 3-2: Base on Balls Ben Antal to third Joe Weissman to second
|
Pitching: LHP Melvin Fonseca
|
|
Batting: SHB Curtis Thompson
|
0-0: Ball 1-0: Ball 2-0: Ball 3-0: Called Strike 3-1: Base on Balls Ben Antal scores Joe Weissman to third Javy Portela to second
|
Batting: LHB Josh Slusarczyk
|
0-0: Ball 1-0: Ball 2-0: Swinging Strike 2-1: Swinging Strike 2-2: Ball 3-2: Strikes out swinging
|
Top of the 6th over - 1 run, 2 hits, 0 errors, 3 left on base; San Antonio 2 - Jacksonville 1 |
BOTTOM OF THE 6TH |
Jacksonville Suns batting - Pitching for San Antonio Missions : RHP Jim McCarty
|
Batting: RHB Tommy Hughes
|
0-0: Ball 1-0: Called Strike 1-1: Foul Ball, location: 2F 1-2: Foul Ball, location: 2F 1-2: Ball 2-2: Strikes out swinging
|
Batting: LHB Jeff Tavella
|
0-0: Ball 1-0: Foul Ball, location: 2F 1-1: Foul Ball, location: 2F 1-2: Ball 2-2: Foul Ball, location: 2F 2-2: Ball 3-2: Foul Ball, location: 2F 3-2: DOUBLE (Line Drive, 89D, EV 109.4 MPH)
|
Pinch Runner at 2nd Chris Jonas:
|
|
Batting: RHB Wei-guo Tsu
|
0-0: Called Strike 0-1: Called Strike 0-2: Foul Ball, location: 2F 0-2: Ball 1-2: Strikes out looking
|
Batting: LHB Gustavo Patella
|
0-0: Called Strike 0-1: Called Strike 0-2: Strikes out swinging
|
Bottom of the 6th over - 0 runs, 1 hit, 0 errors, 1 left on base; San Antonio 2 - Jacksonville 1 |
TOP OF THE 7TH |
San Antonio Missions batting - Pitching for Jacksonville Suns : LHP Melvin Fonseca
|
Now at 1B: Chris Jonas
|
|
Batting: RHB Mario Mejia
|
0-0: Called Strike 0-1: Reached on error, E6 (Groundball, 6, EV 101.9 MPH)
|
Batting: RHB John Shaffer
|
0-0: Intentional Walk
|
Batting: RHB Scott Schwartz
|
0-0: Ball 1-0: Ball 2-0: SINGLE (Line Drive, 89M, EV 110.0 MPH) Mario Mejia to third John Shaffer to second
|
Batting: RHB Luwen Storm
|
0-0: Called Strike 0-1: Foul Ball, location: 2F 0-2: Foul Ball, location: 2F 0-2: Ball 1-2: Ball 2-2: Ball 3-2: Foul Ball, location: 2F 3-2: DOUBLE (Line Drive, 9LM, EV 106.2 MPH) Mario Mejia scores John Shaffer scores Scott Schwartz to third
|
Batting: LHB Ben Antal
|
0-0: Foul Ball, location: 2F 0-1: Ball 1-1: Fly out, F8 (Flyball, 89M, EV 94.4 MPH)
|
Batting: RHB Joe Weissman
|
0-0: Intentional Walk
|
Pitching: RHP Stefan Snel
|
|
Batting: LHB Javy Portela
|
0-0: Ball 1-0: Ball 2-0: Called Strike 2-1: Ball 3-1: Foul Ball, location: 2F 3-2: Base on Balls Scott Schwartz scores Luwen Storm to third Joe Weissman to second
|
Batting: SHB Curtis Thompson
|
0-0: Ball 1-0: Ball 2-0: Ball 3-0: Foul Ball, location: 2F 3-1: Called Strike 3-2: Fly out, F9 (Flyball, 9LS, EV 94.4 MPH)
|
Batting: LHB Josh Slusarczyk
|
0-0: Called Strike 0-1: Ball 1-1: Ground out U3 (Groundball, 3, EV 86.9 MPH)
|
Top of the 7th over - 3 runs, 2 hits, 1 error, 3 left on base; San Antonio 5 - Jacksonville 1 |
BOTTOM OF THE 7TH |
Jacksonville Suns batting - Pitching for San Antonio Missions : RHP Jim McCarty
|
Pitching: RHP John Stepanian
|
|
Batting: RHB Katsutaka Inouye
|
0-0: Ball 1-0: Ball 2-0: Called Strike 2-1: Swinging Strike 2-2: Strikes out swinging
|
Batting: RHB Pi-ao Xú
|
0-0: Foul Ball, location: 2F 0-1: Ball 1-1: Foul Ball, location: 2F 1-2: Ball 2-2: Strikes out swinging
|
Batting: LHB Juan Solorzano
|
0-0: Swinging Strike 0-1: DOUBLE (Line Drive, 9LS, EV 111.2 MPH)
|
Batting: RHB Chris Lee
|
0-0: Ball 1-0: Called Strike 1-1: Ball 2-1: Called Strike 2-2: Strikes out swinging
|
Bottom of the 7th over - 0 runs, 1 hit, 0 errors, 1 left on base; San Antonio 5 - Jacksonville 1 |
TOP OF THE 8TH |
San Antonio Missions batting - Pitching for Jacksonville Suns : RHP Stefan Snel
|
Pitching: RHP Javy Balderrama
|
|
Batting: RHB Mario Mejia
|
0-0: Called Strike 0-1: Foul Ball, location: 2F 0-2: Strikes out swinging
|
Batting: RHB John Shaffer
|
0-0: Ball 1-0: Ball 2-0: Foul Ball, location: 2F 2-1: Foul Ball, location: 2F 2-2: SINGLE (Groundball, 56, EV 100.0 MPH)
|
Batting: RHB Scott Schwartz
|
0-0: SINGLE (Groundball, 6M, EV 106.9 MPH) (infield hit) John Shaffer to second
|
Batting: RHB Luwen Storm
|
0-0: Ball 1-0: Fly out, F8 (Flyball, 78D, EV 76.2 MPH)
|
Batting: LHB Ben Antal
|
0-0: Called Strike 0-1: Ball 1-1: Ball 2-1: Ball 3-1: Fly out, F4 (Popup, 13, EV 87.5 MPH)
|
Top of the 8th over - 0 runs, 2 hits, 0 errors, 2 left on base; San Antonio 5 - Jacksonville 1 |
BOTTOM OF THE 8TH |
Jacksonville Suns batting - Pitching for San Antonio Missions : RHP John Stepanian
|
Batting: RHB Shelby Peddle
|
0-0: Ball 1-0: Swinging Strike 1-1: Foul Ball, location: 2F 1-2: Ball 2-2: Ball 3-2: Strikes out swinging
|
Batting: RHB Tommy Hughes
|
0-0: Ball 1-0: Called Strike 1-1: Ball 2-1: Ball 3-1: Foul Ball, location: 2F 3-2: Strikes out swinging
|
Batting: LHB Chris Jonas
|
0-0: Swinging Strike 0-1: Foul Ball, location: 2F 0-2: Strikes out swinging
|
Bottom of the 8th over - 0 runs, 0 hits, 0 errors, 0 left on base; San Antonio 5 - Jacksonville 1 |
TOP OF THE 9TH |
San Antonio Missions batting - Pitching for Jacksonville Suns : RHP Javy Balderrama
|
Pitching: RHP J.P. Wilson
|
|
Batting: RHB Joe Weissman
|
0-0: Called Strike 0-1: Called Strike 0-2: Ball 1-2: Ball 2-2: Foul Ball, location: 2F 2-2: Fly out, F8 (Flyball, 8RD, EV 101.9 MPH)
|
Batting: LHB Javy Portela
|
0-0: Fly out, F7 (Flyball, 7S, EV 78.1 MPH)
|
Batting: SHB Curtis Thompson
|
0-0: Ball 1-0: Called Strike 1-1: Swinging Strike 1-2: Foul Ball, location: 2F 1-2: Ball 2-2: Strikes out looking
|
Top of the 9th over - 0 runs, 0 hits, 0 errors, 0 left on base; San Antonio 5 - Jacksonville 1 |
BOTTOM OF THE 9TH |
Jacksonville Suns batting - Pitching for San Antonio Missions : RHP John Stepanian
|
Pitching: RHP Tim Stewart
|
|
Batting: RHB Wei-guo Tsu
|
0-0: Ball 1-0: Ball 2-0: Ground out 6-3 (Groundball, 56, EV 108.8 MPH)
|
Batting: LHB Gustavo Patella
|
0-0: Ball 1-0: Foul Ball, location: 2F 1-1: Swinging Strike 1-2: Ball 2-2: Ground out 3-1 (Groundball, 34, EV 83.8 MPH)
|
Batting: RHB Katsutaka Inouye
|
0-0: Ground out 4-3 (Groundball, 34, EV 106.9 MPH)
|
Bottom of the 9th over - 0 runs, 0 hits, 0 errors, 0 left on base; San Antonio 5 - Jacksonville 1 |
|